 Dungeon Crawl Stone Soup version 0.31-a0-233-g139696dc86 (webtiles) character file.

Game seed: 4212857060481245743

3574 Essalna the Firebug (level 10, -18/60 HPs)
             Began as a Gargoyle Fire Elementalist on July 8, 2023.
             Demolished by a white ugly thing (21 damage)
             ... on level 7 of the Dungeon.
             The game lasted 00:13:25 (5581 turns).

Essalna the Firebug (Gargoyle Fire Elementalist)    Turns: 5581, Time: 00:13:25

Health: -18/60     AC: 14    Str: 17    XL:     10   Next: 10%
Magic:  13/13      EV: 12    Int: 20    God:
Gold:   446        SH:  6    Dex: 10    Spells: 6/13 levels left

rFire   + . .        s - +5 flail "Dragonbane" {spect, rPois Str+5}
rCold   . . .        o - +2 buckler {rF+}
rNeg    + . .        e - +3 leather armour
rPois   ∞            (no helmet)
rElec   +            h - scarf {shadows}
rCorr   .            (no gloves)
SInv    .            (no boots)
Will    .....        u - amulet of regeneration
Stlth   ++           (no ring)
HPRegen 1.10/turn    (no ring)
MPRegen 0.13/turn

%: no passive effects
@: no status effects
A: sickness immunity, AC +7, negative energy resistance 1, electricity
resistance, torment resistance 1, petrification resistance
a: no special abilities


You were on level 7 of the Dungeon.
You visited 2 branches of the dungeon, and saw 8 of its levels.
You also visited: Sewer.

You collected 446 gold pieces.

Inventory:

Hand Weapons
 d - a +0 falchion of protection
 s - the +5 flail "Dragonbane" (weapon) {spect, rPois Str+5}
   (You found it on level 2 of the Dungeon)

   Str:       It affects your strength (+5).
   rPois:     It protects you from poison.
 G - a +2 dagger of venom
Armour
 a - a +0 robe
 e - a +3 leather armour (worn)
 h - a scarf of shadows (worn)
 o - a +2 buckler of fire resistance (worn)
Jewellery
 u - an amulet of regeneration (around neck)
 y - the ring "Luf Kuwivac" {rElec rPois Str+4}
   (You found it on level 3 of the Dungeon)

   [ring of poison resistance]

   Str:       It affects your strength (+4).
   rElec:     It insulates you from electricity.
   rPois:     It protects you from poison.
 A - a ring of resist corrosion
Wands
 F - a wand of paralysis (15)
Scrolls
 f - 2 scrolls of noise
 i - 10 scrolls of identify
 k - 3 scrolls of fog
 p - a scroll of teleportation
 r - 2 scrolls of poison {unknown}
 w - 2 scrolls of revelation
 B - 2 scrolls of amnesia
Potions
 b - a potion of magic
 c - 3 potions of resistance
 g - a potion of might {unknown}
 j - 4 potions of brilliance {unknown}
 l - 3 potions of mutation {unknown}
 m - 3 potions of degeneration {unknown}
 n - a potion of curing {unknown}
 q - 2 potions of haste {unknown}
 t - 3 potions of heal wounds {unknown}
 v - a potion of enlightenment {unknown}
 x - a potion of invisibility {unknown}
 z - a potion of attraction {unknown}
 C - a potion of ambrosia {unknown}


   Skills:
 + Level 6.1 Fighting
 - Level 4.0 Maces & Flails
 + Level 6.0 Armour
 + Level 5.0 Dodging
 - Level 2.6 Stealth
 - Level 4.0 Shields
 - Level 2.2 Spellcasting
 + Level 6.2 Conjurations
 + Level 6.4 Fire Magic


You had 6 spell levels left.
You knew the following spells:

 Your Spells              Type           Power      Damage    Failure   Level
a - Foxfire               Conj/Fire      100%       2x1d9     1%          1
b - Scorch                Fire           56%        2d7       2%          2
c - Flame Wave            Conj/Fire      27%        2d9       17%         4

Your spell library contained the following spells:

 Spells                   Type           Power      Damage    Failure   Level
 Kiss of Death            Conj/Necr      56%        2d9       6%          1
 Inner Flame              Hex/Fire       15%        N/A       19%         3
 Volatile Blastmotes      Fire/Tloc      30%        2d12      19%         3
 Confusing Touch          Hex            2%         N/A       56%         3
 Dispel Undead            Necr           2%         3d7       93%         4
 Summon Cactus Giant      Summ           1%         N/A       100%        6


Dungeon Overview and Level Annotations

Branches:
Dungeon (7/15)             Temple (1/1) D:5           Sewer (visited)

Altars:
Ashenzari
Cheibriados
Dithmenos
Elyvilon
Gozag
Hepliaklqana
Kikubaaqudgha
Makhleb
Nemelex Xobeh
Okawaru
Qazlal
Ru
Sif Muna
Trog
Vehumet
Wu Jian
Xom
The Shining One

Shops:
D:1 (


Innate Abilities, Weirdness & Mutations

You are immune to sickness and miasma.
Your stone body is resilient. (AC +7)
You are immune to poison.
You resist negative energy. (rN+)
You are resistant to electric shocks. (rElec)
You are resistant to unholy torment.
You are immune to petrification.


Message History

Your +5 flail "Dragonbane" {spect, rPois Str+5} closely misses the water moccasin.
The water moccasin barely misses you. The water moccasin bites you.
You sock the water moccasin!
You kill the water moccasin!
Your +5 flail "Dragonbane" {spect, rPois Str+5} disappears.
Your Armour skill increases to level 6!
Your Dodging skill increases to level 5!
There is an open door here.
Hit: s) +5 flail "Dragonbane" {spect, rPois Str+5}
Press: ? - help, Dir - move target, f - white ugly thing
Aim: a white ugly thing (about 35% to evade the +5 flail "Dragonbane")
You completely miss the white ugly thing.
Your +5 flail "Dragonbane" {spect, rPois Str+5} hits the white ugly thing.
The white ugly thing barely misses you.
Hit: s) +5 flail "Dragonbane" {spect, rPois Str+5}
Press: ? - help, Dir - move target, f/p - white ugly thing
Aim: a white ugly thing (lightly wounded, about 35% to evade the +5 flail "Dragonbane")
You sock the white ugly thing!
The white ugly thing is moderately wounded.
Your +5 flail "Dragonbane" {spect, rPois Str+5} closely misses the white ugly thing.
The white ugly thing completely misses you.
Hit: s) +5 flail "Dragonbane" {spect, rPois Str+5}
Press: ? - help, Dir - move target, f/p - white ugly thing
Aim: a white ugly thing (moderately wounded, about 35% to evade the +5 flail "Dragonbane")
You closely miss the white ugly thing.
The white ugly thing is moderately wounded.
Your +5 flail "Dragonbane" {spect, rPois Str+5} barely misses the white ugly thing.
The white ugly thing kicks you. The white ugly thing freezes you!!
Hit: s) +5 flail "Dragonbane" {spect, rPois Str+5}
Press: ? - help, Dir - move target, f/p - white ugly thing
Aim: a white ugly thing (moderately wounded, about 35% to evade the +5 flail "Dragonbane")
You hit the white ugly thing.
The white ugly thing is moderately wounded.
Your +5 flail "Dragonbane" {spect, rPois Str+5} hits the white ugly thing!
The white ugly thing kicks you. The white ugly thing freezes you!!
* * * LOW HITPOINT WARNING * * *
The white ugly thing kicks you.
* * * LOW HITPOINT WARNING * * *
The white ugly thing freezes you!!
You die...

..#.# ## ### #.#
# ) [$ #.###
#.########.#...#
#..8#..#8..###.#
#..'..J..# #.#
#J8# #.#
#u########'######
#(@##...[.......#
##............#.#
####...[.....#<##
#............#
#.....^......##
#........###...
########## #...
#... ###.


You could see a white ugly thing, a jelly and a friendly +5 flail "Dragonbane"
{spect, rPois Str+5}.

Vanquished Creatures
  A gargoyle (D:7)
  A kobold demonologist (D:7)
  A troll (D:7)
  Grinder (D:3)
  2 water moccasins
  2 sky beasts (D:7)
  An ice beast (D:6)
  A black bear (D:7)
  An orc warrior (D:6)
  An ogre (D:4)
  A centaur (D:7)
  A phantom (D:6)
  2 kobold brigands
  2 bullfrogs
  5 scorpions
  A howler monkey (D:7)
  4 hounds
  3 orc priests
  4 jellies
  Natasha (thrice) (D:3)
  4 iguanas
  A sleepcap (D:6)
  8 orc wizards
  8 gnolls
  2 river rats (Sewer)
  8 adders
  5 white imps
  An ufetubus (D:4)
  A worm (Sewer)
  7 dart slugs
  30 orcs
  5 bats
  7 endoplasms
  8 giant cockroaches
  3 hobgoblins
  2 jackals (D:1)
  4 quokkas
  12 ball pythons
  3 frilled lizards
  9 goblins
  9 kobolds
  5 rats
180 creatures vanquished.

Vanquished Creatures (others)
  129 foxfires
  2 spectral weapons (D:6)
131 creatures vanquished.

Grand Total: 311 creatures vanquished

Notes
Turn   | Place    | Note
-------+----------+-------------------------------------------
     0 | D:1      | Essalna the Gargoyle Fire Elementalist began the quest for
                  | the Orb.
     0 | D:1      | Reached XP level 1. HP: 10/10 MP: 3/3
    75 | D:1      | Found Ygeel's Weapon Shoppe.
   296 | D:1      | Reached XP level 2. HP: 15/15 MP: 5/5
   582 | D:1      | Reached XP level 3. HP: 19/19 MP: 6/6
  1055 | D:2      | Identified the +5 flail "Dragonbane" {spect, rPois Str+5}
  1354 | D:3      | Noticed Grinder
  1357 | D:3      | Noticed Natasha
  1391 | D:3      | Killed Grinder
  1392 | D:3      | Reached skill level 1 in Maces & Flails
  1392 | D:3      | Reached skill level 1 in Armour
  1392 | D:3      | Reached skill level 1 in Shields
  1392 | D:3      | Reached XP level 4. HP: 26/26 MP: 7/7
  1392 | D:3      | Reached XP level 5. HP: 30/30 MP: 8/8
  1392 | D:3      | Reached XP level 6. HP: 35/35 MP: 9/9
  1427 | D:3      | Found a glowing drain.
  1451 | Sewer    | Entered a sewer
  1515 | Sewer    | Learned a level 2 spell: Scorch
  1811 | D:3      | Identified the ring "Luf Kuwivac" {rElec rPois Str+4}
  1881 | D:3      | Killed Natasha
  2080 | D:3      | Noticed Natasha
  2085 | D:3      | Killed Natasha
  2118 | D:3      | Reached XP level 7. HP: 40/40 MP: 10/10
  2163 | D:3      | Noticed Natasha
  2170 | D:3      | Killed Natasha
  2307 | D:3      | Found a faded altar of an unknown god.
  2385 | D:4      | Found a shimmering blue altar of Sif Muna.
  2875 | D:5      | Entered Level 5 of the Dungeon
  2891 | D:5      | Learned a level 4 spell: Flame Wave
  2916 | D:5      | Found a staircase to the Ecumenical Temple.
  2924 | Temple   | Entered the Ecumenical Temple
  3008 | D:5      | Identified the +3 hand axe of the Trees {elec, *Noise
                  | Dex+5}
  3028 | D:5      | Found a shadowy altar of Dithmenos.
  3067 | D:5      | Reached XP level 8. HP: 46/46 MP: 11/11
  3250 | D:5      | Found a shimmering altar of Xom.
  3422 | D:6      | Found a hazy altar of Hepliaklqana.
  3653 | D:6      | Reached skill level 5 in Fire Magic
  3754 | D:6      | Reached XP level 9. HP: 42/52 MP: 7/12
  4053 | D:6      | Found an opulent altar of Gozag.
  4651 | D:6      | Found a radiant altar of Vehumet.
  4806 | D:7      | Noticed a troll
  4811 | D:7      | Killed a troll
  4812 | D:7      | Reached skill level 5 in Conjurations
  4890 | D:7      | Found a sacrificial altar of Ru.
  4931 | D:7      | Reached skill level 5 in Fighting
  4959 | D:7      | Reached skill level 5 in Armour
  5230 | D:7      | Noticed a white ugly thing
  5245 | D:7      | Noticed a kobold demonologist
  5247 | D:7      | Noticed a gargoyle
  5313 | D:7      | Found a stormy altar of Qazlal.
  5489 | D:7      | Killed a gargoyle
  5546 | D:7      | Noticed a smoke demon
  5547 | D:7      | Killed a kobold demonologist
  5548 | D:7      | Reached XP level 10. HP: 60/60 MP: 13/13
  5576 | D:7      | Reached skill level 5 in Dodging
  5581 | D:7      | HP: 3/60 [white ugly thing (2)]
  5581 | D:7      | Demolished by a white ugly thing

Illustrated notes

Levels and vault maps discovered:
D:1:      doesnt_arrival_eight_statues, layout_rooms, serial_shops, shop,
          interstate_on_off, chequers_serial_rivers_large_b
D:2:      layout_rooms, hangedman_glass_teeth
D:3:      layout_loops_ring, dilly_ecumenical_altar_fadedgnrine,
          portal_sewer_entry_f, uniq_natasha, uniq_grinder
D:4:      layout_rooms, mainiacjoe_overflow_tiny_flanked, st_stairs_4,
          dreamdust_princess_corridor
D:5:      layout_gridville, mainiacjoe_overflow_chevrons,
          nicolae_dithmenos_shadow_blocks, temple_fountains
D:6:      layout_cave_pods, lemuel_crystal_altar,
          nicolae_overflow_hidden_temple, chequers_serial_rivers_small_b,
          kennysheep_generic_room_5
D:7:      minmay_chambers_of_sixes, layout_basic,
          nicolae_ru_sacrificial_ziggurat, mainiacjoe_overflow_six_doors_small,
          grunt_tough_drop
Temple:   hellmonk_temple_rainy

Skill      XL: |  1  2  3  4  5  6  7  8  9 10 |
---------------+-------------------------------+-----
Dodging        | 2 3 4 5 |  5.0
Fighting       | 2 3 4 6 |  6.1
Maces & Flails | 1 2 3 4 |  4.0
Armour         | 1 2 3 4 5 6 |  6.0
Shields        | 1 2 3 4 |  4.0
Conjurations   | 2 3 4 6 |  6.2
Fire Magic     | 4 5 6 |  6.4
Stealth        | |  2.6
Spellcasting   | |  2.2

Action                     |  1- 3 |  4- 6 |  7- 9 | 10-12 || total
---------------------------+-------+-------+-------+-------++-------
  Melee: Falchion          |    89 |       |       |       ||    89
         Flail             |    22 |   119 |   227 |     8 ||   376
         Punch             |     2 |       |       |       ||     2
   Cast: Foxfire           |    16 |       |    56 |       ||    72
         Scorch            |       |       |    11 |       ||    11
    Use: Scroll            |     2 |     3 |     8 |       ||    13
   Stab: Sleeping          |     1 |       |     4 |       ||     5
         Distracted        |       |       |     2 |       ||     2
 Armour: Leather armour    |    43 |    42 |   138 |       ||   223
         Robe              |     2 |       |       |       ||     2
  Dodge: Dodged            |    89 |    71 |   130 |     4 ||   294
  Block: Buckler           |     4 |    39 |    73 |       ||   116

Table legend: (Time is in decaauts)
 A = Elapsed time spent in this place.
 B = Non-inter-level travel time spent in this place.
 C = Inter-level travel time spent in this place.
 D = Time resting spent in this place.
 E = Time spent auto-exploring this place.
 F = Levels seen in this place.
 G = Mean time per level.
                   A        B        C        D        E       F      G
               +--------+--------+--------+--------+--------+-----+--------+
         Total |   5840 |   5640 |    200 |      0 |   4199 |   9 |  648.9 |
       Dungeon |   5437 |   5250 |    187 |      0 |   3983 |   7 |  776.7 |
        Temple |     27 |     14 |     13 |      0 |      8 |   1 |   27.0 |
         Sewer |    375 |    375 |      0 |      0 |    208 |   1 |  375.0 |
               +--------+--------+--------+--------+--------+-----+--------+

Top non-repeatable levels by time:
     D:6: 1347 daAuts
     D:1: 867 daAuts
     D:7: 857 daAuts
     D:3: 784 daAuts
     D:2: 546 daAuts
     D:5: 522 daAuts
     D:4: 512 daAuts
   Sewer: 375 daAuts
  Temple: 27 daAuts
